 Dungeon Crawl Stone Soup version 0.23.0-38-g208d714 (webtiles) character file.

Game seed: 0

163 Fang the Skirmisher (level 5, -2/49 HPs)
             Began as a Gargoyle Berserker on Feb 27, 2019.
             Was a Believer of Trog.
             Blown up by Ijyb (17 damage)
             ... with a wand of disintegration (9)
             ... on level 3 of the Dungeon.
             The game lasted 00:05:52 (2413 turns).

Fang the Skirmisher (Gargoyle Berserker)            Turns: 2413, Time: 00:05:53

Health: -2/49      AC: 20    Str: 27    XL:     5   Next: 44%
Magic:  5/5        EV:  5    Int:  7    God:    Trog [**....]
Gold:   203        SH:  0    Dex:  9    Spells: 4/4 levels left

rFire    . . .     SeeInvis .   a - +0 hand axe
rCold    . . .     Gourm    .   (no shield)
rNeg     + . .     Faith    .   t - +0 crystal plate armour
rPois    ∞         Spirit   .   (no helmet)
rElec    +         Reflect  .   (no cloak)
rCorr    .         Harm     .   (no gloves)
MR       .....                  (no boots)
Stlth    ..........             f - amulet of inaccuracy (curse)
HPRegen  0.16/turn              (no ring)
MPRegen  0.09/turn              (no ring)

@: berserking (expiring), very quick
A: negative energy resistance 1, electricity resistance, unbreathing,
petrification resistance, rot immunity, AC +4
a: Berserk, Trog's Hand, Renounce Religion


You were on level 3 of the Dungeon.
You worshipped Trog.
Trog was pleased with you.
You were near starving.

You visited 1 branch of the dungeon, and saw 3 of its levels.

You collected 203 gold pieces.

Inventory:

Hand Weapons
 a - a +0 hand axe (weapon)
Armour
 t - a +0 crystal plate armour (worn)
Jewellery
 f - a cursed amulet of inaccuracy (around neck)
 g - an uncursed amulet of magic regeneration
Wands
 h - a wand of polymorph (7)
Scrolls
 d - 3 scrolls of immolation {unknown}
 i - 2 scrolls of identify {unknown}
 j - a scroll of teleportation {unknown}
 k - a scroll of blinking {unknown}
 n - a scroll of random uselessness {unknown}
 r - a scroll of fog {unknown}
Potions
 b - 2 potions of curing {unknown}
 e - 2 potions of brilliance {unknown}
 m - 2 potions of heal wounds {unknown}
 o - a potion of flight {unknown}
 p - a potion of cancellation {unknown}
 q - 2 potions of invisibility
 s - a potion of haste {unknown}
Comestibles
 c - 2 rations


   Skills:
 + Level 4.3 Fighting
 + Level 3.5 Axes
 + Level 3.5 Armour
 + Level 2.5 Dodging


You had 4 spell levels left.
You didn't know any spells.
Your spell library was empty.

Dungeon Overview and Level Annotations

Branches:
Dungeon (3/15)

Altars:

Annotations:
D:3 Ijyb


Innate Abilities, Weirdness & Mutations

You are resistant to torment.
Your stone body is resilient. (AC +4)
You are immune to poison.
You resist negative energy. (rN+)
You are resistant to electric shocks. (rElec)
You can survive without breathing.
You are immune to petrification.
You are immune to rotting.


Message History

Ijyb hits you but does no damage.
You hit Ijyb.
Ijyb is almost dead.
Ijyb hits you.
* * * LOW HITPOINT WARNING * * *
You closely miss Ijyb.
Ijyb is almost dead.
Your crystal plate armour prevents you from hitting Ijyb.
Ijyb is almost dead.
Ijyb closely misses you.
The crimson imp lashes its tail.
Your crystal plate armour prevents you from hitting Ijyb.
Ijyb is almost dead.
Ijyb zaps a wand.
You barely resist. You miss Ijyb.
Ijyb is almost dead.
You miss Ijyb.
Ijyb is almost dead.
Ijyb zaps a wand.
You are blasted!
You die...

.........##..##.# ...#
..............#.# ...#
........####..#.##...#
.....................#
#######..............#
..............##
..............#
..........g....#
.........5.@...#
..................
#.............###.
#.......[.....#
........>......
............###
............
#########.#..


You could see Ijyb and a crimson imp.

Vanquished Creatures
  An orc wizard (D:3)
  7 adders
  An ooze (D:2)
  A worm (D:2)
  A dart slug (D:2)
  A leopard gecko (D:2)
  2 orcs (D:3)
  6 bats
  6 giant cockroaches
  5 goblins
  8 hobgoblins
  7 jackals (D:1)
  A ball python (D:2)
  5 frilled lizards
  4 kobolds (D:1)
  3 rats
59 creatures vanquished.

Vanquished Creatures (others)
  An orc (D:3)
1 creature vanquished.

Grand Total: 60 creatures vanquished

Notes
Turn   | Place    | Note
-------+----------+-------------------------------------------
     0 | D:1      | Fang the Gargoyle Berserker began the quest for the Orb.
     0 | D:1      | Reached XP level 1. HP: 14/14 MP: 1/1
    46 | D:1      | Reached XP level 2. HP: 18/19 MP: 2/2
   562 | D:1      | Reached XP level 3. HP: 23/23 MP: 3/3
   567 | D:1      | Reached ** piety under Trog
   879 | D:2      | Reached XP level 4. HP: 25/29 MP: 4/4
   968 | D:2      | Reached skill level 4 in Fighting
  1345 | D:3      | Reached XP level 5. HP: 29/33 MP: 5/5
  2394 | D:3      | Noticed Ijyb
  2413 | D:3      | Blown up by Ijyb

Skill      XL: |  1  2  3  4 |
---------------+-------------+-----
Axes           | 3 |  3.5
Dodging        | 2 |  2.5
Armour         | 3 |  3.5
Fighting       | 4 |  4.3

Action                   |  1- 3 |  4- 6 || total
-------------------------+-------+-------++-------
Melee: Hand axe          |   116 |   368 ||   484
Invok: Berserk           |       |     1 ||     1
  Eat: Chunk             |       |     3 ||     3
       Ration            |       |     1 ||     1
Armor: Animal skin       |    23 |       ||    23
       Plate armour      |    62 |    72 ||   134
       Crystal plate arm |       |   392 ||   392
Dodge: Dodged            |    62 |   116 ||   178
